Map: Acropolis LE

Players

HEXENHAMMER

  • Race: Protoss Protoss
  • League: Master
  • Spawn Location: 11:00

Mez - Winner!

  • Race: Terran Terran
  • League: Master
  • Spawn Location: 5:00

VOD

Have the link to the VOD?

Description

Time

  • Played on: Aug. 17, 2019, 11:14 a.m.
  • Length: 11:47
Show
View Real Time Build Order
Export as new Build Order

HEXENHAMMER Protoss 

Build Orders:  

Get SALT Encoding   

  12  0:01  Probe  
  13  0:13  Probe  
  14  0:17  Pylon  
  14  0:25  Probe  
  15  0:33  Probe  
  16  0:44  Gateway  
  16  0:50  Forge  
  16  0:54  Assimilator  
  16  0:57  Probe  
  17  1:09  Probe  
  18  1:23  Pylon  
  18  1:25  Probe  
  19  1:33  Cybernetics Core  
  19  1:42  Photon Cannon  
  19  1:43  Probe  
  20  1:48  Assimilator  
  20  1:55  Photon Cannon  
  20  2:05  Photon Cannon  
  19  2:17  Probe  
  19  2:19  Adept  
  22  2:25  Probe  
  23  2:35  Probe  
  24  2:47  Probe  
  25  2:55  Stargate  
  25  2:59  Pylon  
  25  3:05  Photon Cannon  
  25  3:08  Shield Battery  
  25  3:17  Protoss Air Weapons Level 1  
  25  3:22  Photon Cannon  
  25  3:26  Shield Battery  
  25  3:38  Photon Cannon  
  25  3:52  Fleet Beacon  
  25  4:01  Stalker  
  27  4:08  Shield Battery  
  27  4:19  Shield Battery  
  27  4:23  Shield Battery  
  27  4:33  Photon Cannon  
  27  4:35  Tempest  
  32  4:59  Shield Battery  
  32  5:05  Shield Battery  
  32  5:12  Tempest  
  37  5:28  Shield Battery  
  37  5:37  Shield Battery  
  37  5:54  Pylon  
  37  6:04  Tempest  
  42  6:44  Tempest  
  42  6:48  Protoss Air Weapons Level 2  
  42  6:49  Shield Battery  
  42  6:50  Shield Battery  
  42  6:52  Shield Battery  
  43  7:38  Pylon  
  43  7:39  Pylon  
  43  7:50  Tempest, Shield Battery  
  47  7:51  Shield Battery  
  47  8:33  Tempest  
  52  9:15  Tempest  
  56  9:24  Stalker  
  54  9:58  Tempest  
  46  10:41  Tempest  
Show
View Real Time Build Order
Export as new Build Order

Mez Terran - Winner!

Build Orders: Reaper Expand 

Get SALT Encoding   

  12  0:00  SCV  
  13  0:13  SCV  
  14  0:18  Supply Depot  
  14  0:25  SCV  
  15  0:39  SCV  
  15  0:41  Barracks  
  16  0:44  Refinery  
  16  0:51  SCV  
  17  1:04  SCV  
  18  1:16  SCV  
  19  1:29  Reaper, Orbital Command  
  20  1:40  Command Center  
  20  1:52  Bunker  
  20  1:55  SCV  
  20  1:57  Supply Depot  
  21  2:03  Marine  
  21  2:22  Command Center  
  21  2:24  Barracks Reactor  
  21  2:28  SCV  
  21  2:29  Bunker  
  22  2:33  Refinery  
  22  2:40  SCV  
  23  2:51  Command Center  
  23  2:52  SCV  
  24  3:03  Marine x2  
  26  3:06  Factory  
  26  3:09  SCV  
  27  3:21  SCV  
  27  3:22  Marine x2  
  30  3:33  SCV  
  31  3:34  Orbital Command  
  31  3:40  Marine  
  32  3:41  Marine  
  33  3:49  Factory Tech Lab  
  33  3:50  Starport  
  33  3:53  SCV  
  34  4:02  Orbital Command  
  34  4:06  Marine  
  34  4:07  Marine  
  34  4:09  Siege Tank  
  39  4:13  SCV x2  
  39  4:16  Supply Depot  
  41  4:20  Liberator  
  43  4:33  Marine x2  
  45  4:40  Orbital Command  
  45  4:41  Siege Tank, SCV  
  45  4:42  SCV  
  50  4:50  Marine x2  
  52  4:58  SCV x2  
  54  5:03  Supply Depot  
  54  5:08  Marine x2, Barracks x2  
  56  5:14  SCV  
  56  5:18  Siege Tank  
  60  5:22  Medivac  
  60  5:26  Marine x2  
  64  5:32  SCV x2  
  64  5:33  SCV  
  67  5:37  Supply Depot  
  67  5:41  Engineering Bay  
  67  5:44  SCV x2  
  69  5:56  SCV  
  65  6:13  Cyclone  
  65  6:18  Viking x2  
  70  6:24  Barracks Reactor  
  70  6:25  Missile Turret  
  67  6:31  Marine  
  66  6:47  Marine  
  66  6:49  Marine  
  68  7:10  Cyclone  
  68  7:11  Mag-Field Accelerator  
  68  7:13  Viking  
  68  7:15  Marine x2  
  75  7:25  Refinery  
  75  7:26  Refinery  
  75  7:28  Viking  
  68  8:05  Viking x2, Supply Depot  
  68  8:11  Marine  
  68  8:12  Marine  
  71  8:14  Barracks Tech Lab  
  71  8:18  Starport  
  65  8:29  Marine  
  65  8:30  Marine  
  64  8:35  Viking x2  
  66  8:47  Cyclone, Marine  
  67  8:48  Marine  
  67  8:49  Marine  
  67  8:55  SCV x2  
  67  9:01  Viking  
  69  9:05  Viking, Marine  
  69  9:06  Marine  
  69  9:07  SCV, Marine  
  73  9:10  Orbital Command  
  73  9:15  Viking  
  73  9:20  SCV x2  
  73  9:21  Barracks  
  73  9:23  Barracks  
  71  9:25  Marine x3  
  71  9:26  Cyclone  
  72  9:32  SCV x2  
  73  9:44  SCV  
  68  10:02  Viking  
  70  10:08  Starport  
  70  10:09  Starport  
  68  10:16  Marine x3  
  68  10:20  SCV  
  68  10:21  SCV x2  
  64  10:33  SCV x3  
  61  10:40  Orbital Command  
  57  10:45  SCV x2  
  58  10:55  Viking x3  
  62  11:26  Barracks Tech Lab  
  62  11:27  Barracks Tech Lab  
  62  11:32  SCV x2  
Tags
 
Add a new tag
Caveats
  • Supply blocks, unpowered buildings, or Contaminate may cause inaccurate times.
  • Supply counts are checked every 10 seconds.